 Dungeon Crawl Stone Soup version 0.27-a0-1087-gf39c287674 (webtiles) character file.

Game seed: 11603235411675729953

14 Sergey the Chopper (level 2, 27/27 HPs)
             Began as a Deep Dwarf Fighter on Apr 27, 2021.
             Was a Follower of Vehumet.
             Quit the game on level 3 of the Dungeon.
             The game lasted 00:02:37 (251 turns).

Sergey the Chopper (Deep Dwarf Fighter)              Turns: 251, Time: 00:02:37

Health: 27/27      AC:  8    Str: 19    XL:     2   Next: 27%
Magic:  2/2        EV:  7    Int:  8    God:    Vehumet [*.....]
Gold:   836        SH:  9    Dex: 12    Spells: 1/1 levels left

rFire    . . .     SeeInvis .   a - +0 war axe
rCold    . . .     Faith    .   c - +0 kite shield
rNeg     . . .     Spirit   .   b - +0 scale mail
rPois    .         Reflect  .   (no helmet)
rElec    .         Harm     .   (no cloak)
rCorr    .         Rampage  .   (no gloves)
Will     .....                  f - +0 pair of boots
Stlth    ..........             (no amulet)
HPRegen  0.00/turn              (no ring)
MPRegen  0.08/turn              (no ring)

@: no status effects
A: damage resistance, heal wounds, sense surroundings 1, no regeneration
a: Heal Wounds, Renounce Religion


You were on level 3 of the Dungeon.
You worshipped Vehumet.
Vehumet was aware of your devotion.
You visited 1 branch of the dungeon, and saw 3 of its levels.

You collected 836 gold pieces.

Inventory:

Hand Weapons
 a - a +0 war axe (weapon)
Armour
 b - a +0 scale mail (worn)
 c - a +0 kite shield (worn)
 f - a +0 pair of boots (worn)
Scrolls
 e - a scroll of acquirement
Potions
 d - a potion of might {@q3}


   Skills:
 - Level 2.6 Fighting
 + Level 3.3 Axes
 - Level 3.2 Armour
 - Level 3.2 Shields


You had one spell level left.
You didn't know any spells.
Your spell library was empty.

Dungeon Overview and Level Annotations

Branches:
Dungeon (3/15)

Altars:
Vehumet

Shops:
D:2 [


Innate Abilities, Weirdness & Mutations

You are resistant to damage.
You can heal yourself by infusing magical energy.
You passively map a small area around you.
You do not regenerate.


Message History

The giant cockroach waves its antennae.
You see here a +0 pair of boots.
f - a +0 pair of boots You feel much better.
You slash the giant cockroach!
You kill the giant cockroach!
You start putting on your armour.
You continue putting on your +0 pair of boots. x4
You finish putting on your +0 pair of boots.
You see here 17 gold pieces.
You now have 817 gold pieces (gained 17).
You see here 18 stones.
A goblin comes into view. It is wielding a +0 dagger.
The goblin shouts!
You hear an angry hiss.
The goblin moves out of view.
Found 12 gold pieces.
A ball python comes into view.
You closely miss the goblin.
The ball python hisses angrily.
The goblin closely misses you. The goblin hits you but does no damage.
The goblin completely misses you.
Found 7 gold pieces.
You hit the ball python.
You kill the ball python!
You closely miss the goblin. You block the goblin's attack.
You see here 12 gold pieces.
You now have 829 gold pieces (gained 12).
You block the goblin's attack.
You slash the goblin!
You kill the goblin!
Found a faded altar of an unknown god.
You see here 7 gold pieces.
You now have 836 gold pieces (gained 7).
There is a faded altar of an unknown god here.
You cannot tell which god this altar belongs to.
Convert to them anyway?
Vehumet accepts your prayer! Vehumet welcomes you!
You can now gain magical power from killing.
Vehumet offers you knowledge of Shock.
Are you sure you want to abandon this character and quit the game? (Confirm with "yes".)

* * , , , , , ,
,, * * ,, , , ,
, , ,* #######
* , *
#.....#### * ,
* #.@....... ,
#.####......###
*
#..............
*
######......###
, #......#
#......# ,
#......# *
#......# #
#......# *


There were no monsters in sight!

Vanquished Creatures
  A bat (D:3)
  2 endoplasms
  2 giant cockroaches (D:3)
  A goblin (D:3)
  A kobold (D:2)
  A quokka (D:2)
  2 ball pythons
  2 rats
12 creatures vanquished.

Notes
Turn   | Place    | Note
-------+----------+-------------------------------------------
     0 | D:1      | Sergey the Deep Dwarf Fighter began the quest for the Orb.
     0 | D:1      | Reached XP level 1. HP: 20/20 MP: 1/1
    46 | D:2      | Found Ifieno's Armour Shop.
    81 | D:2      | Identified a scroll of acquirement
    81 | D:2      | Acquired 800 gold pieces
   200 | D:3      | Reached XP level 2. HP: 18/27 MP: 2/2
   241 | D:3      | Found a faded altar of an unknown god.
   250 | D:3      | Became a worshipper of Vehumet
   250 | D:3      | Reached * piety under Vehumet
   250 | D:3      | Offered knowledge of Shock by Vehumet.
   251 | D:3      | Quit the game

Illustrated notes

Levels and vault maps discovered:
D:1:      nicolae_arrival_memento_mori, layout_basic, minmay_distorted
D:2:      layout_loops_corners, serial_shops, shop_statue
D:3:      layout_basic, basic_ecumenical_altar, minmay_cupped

Skill      XL: |  1 |
---------------+----+-----
Axes           | 3 |  3.3
Fighting       | |  2.6
Armour         | |  3.2
Shields        | |  3.2

Action                   || total
-------------------------++-------
Melee: War axe           ||    23
 Abil: Heal Wounds       ||     1
  Use: Scroll            ||     1
Armor: Scale mail        ||    14
Dodge: Dodged            ||    10
Block: Kite shield       ||    19

Table legend: (Time is in decaauts)
 A = Elapsed time spent in this place.
 B = Non-inter-level travel time spent in this place.
 C = Inter-level travel time spent in this place.
 D = Time resting spent in this place.
 E = Time spent auto-exploring this place.
 F = Levels seen in this place.
 G = Mean time per level.
                   A        B        C        D        E       F      G
               +--------+--------+--------+--------+--------+-----+--------+
         Total |    265 |    265 |      0 |      0 |      0 |   3 |   88.3 |
       Dungeon |    265 |    265 |      0 |      0 |      0 |   3 |   88.3 |
               +--------+--------+--------+--------+--------+-----+--------+

Top non-repeatable levels by time:
     D:2: 160 daAuts
     D:3: 78 daAuts
     D:1: 26 daAuts
